 Dungeon Crawl Stone Soup version 0.24-a0-769-g368c1644f8 (webtiles) character file.

Game seed: 12065213128476931723, levelgen mode: deterministic

9323 Gynju the Thaumaturge (level 11, -4/54 HPs)
             Began as a Deep Elf Fire Elementalist on Oct 4, 2019.
             Was a Priest of Vehumet.
             Slain by a seven-headed hydra (13 damage)
             ... on level 9 of the Dungeon.
             The game lasted 00:40:21 (15596 turns).

Gynju the Thaumaturge (Deep Elf Fire Elementalist) Turns: 15596, Time: 00:40:22

Health: -4/54      AC:  6    Str: 12    XL:     11   Next: 21%
Magic:  28/28      EV: 22    Int: 21    God:    Vehumet [***...]
Gold:   590        SH:  0    Dex: 15    Spells: 14/33 levels left

rFire    x . .     SeeInvis .   N - +5 trident of Susuusm {freeze, rF- rN+ Str+4}
rCold    . . .     Gourm    .   (no shield)
rNeg     + . .     Faith    .   a - +0 robe
rPois    .         Spirit   .   j - +1 helmet
rElec    .         Reflect  .   r - +0 cloak
rCorr    .         Harm     .   (no gloves)
MR       +....                  E - +0 pair of boots
Stlth    ++........             C - amulet of regeneration
HPRegen  0.58/turn              e - +3 ring of evasion
MPRegen  0.21/turn              y - ring of wizardry

@: no status effects
A: no striking features
a: Renounce Religion


You were on level 9 of the Dungeon.
You worshipped Vehumet.
Vehumet was most pleased with you.
You were not hungry.

You visited 4 branches of the dungeon, and saw 14 of its levels.

You collected 590 gold pieces.

Inventory:

Hand Weapons
 d - the +0 trident "Feung" {freeze, rC++}
   (You found it on level 7 of the Dungeon)

   It has been specially enchanted to freeze those struck by it, causing extra
   injury to most foes and up to half again as much damage against particularly
   susceptible opponents.
   It can also slow down cold-blooded creatures.
   It greatly protects you from cold.
 N - the +5 trident of Susuusm (weapon) {freeze, rF- rN+ Str+4}
   (You found it on level 10 of the Dungeon)

   It has been specially enchanted to freeze those struck by it, causing extra
   injury to most foes and up to half again as much damage against particularly
   susceptible opponents.
   It can also slow down cold-blooded creatures.
   It affects your strength (+4).
   It makes you vulnerable to fire.
   It protects you from negative energy.
Missiles
 f - 256 stones (quivered)
 B - 2 silver javelins
 L - 3 boomerangs
Armour
 a - a +0 robe (worn)
 j - a +1 helmet (worn)
 r - a +0 cloak (worn)
 E - a +0 pair of boots (worn)
Magical Staves
 x - an uncursed staff of fire
Jewellery
 e - a +3 ring of evasion (left hand)
 n - an uncursed amulet of the acrobat
 t - an uncursed ring of flight
 v - an uncursed ring of see invisible
 w - an uncursed ring of protection from magic
 y - a ring of wizardry (right hand)
 C - an amulet of regeneration (around neck)
 H - an uncursed ring of positive energy
Wands
 K - a wand of scattershot (3)
Scrolls
 g - 2 scrolls of immolation
 m - a scroll of fear
 s - 5 scrolls of teleportation
 z - 3 scrolls of magic mapping
 A - a scroll of enchant weapon
 D - a scroll of remove curse {@r2}
 I - a scroll of amnesia
 J - a scroll of enchant armour
Potions
 b - 3 potions of might
 h - 5 potions of flight
 i - a potion of haste
 k - 2 potions of curing {@q1}
 l - 2 potions of lignification
 o - a potion of mutation
 p - 4 potions of heal wounds
 q - a potion of ambrosia {unknown}
 u - a potion of berserk rage {unknown}
 F - a potion of cancellation {unknown}
Comestibles
 c - 13 rations
 G - 5 chunks of flesh


   Skills:
 + Level 0.0 Fighting
 + Level 10.6 Dodging
 - Level 2.4 Stealth
 + Level 11.6 Spellcasting
 + Level 9.7 Conjurations
 + Level 10.2 Fire Magic


You had 14 spell levels left.
You knew the following spells:

 Your Spells              Type           Power        Failure   Level  Hunger
a - Flame Tongue          Conj/Fire      #####        1%          1    None
b - Throw Flame           Conj/Fire      ######       1%          2    None
c - Conjure Flame         Conj/Fire      ######..     1%          3    None
d - Sticky Flame          Conj/Fire      ######..     1%          4    #......
e - Fireball              Conj/Fire      ######....   1%          5    ####...
f - Shock                 Conj/Air       ####         1%          1    None
g - Mephitic Cloud        Conj/Pois/Air  ####....     1%          3    None

Your spell library contained the following spells:

 Spells                   Type           Power        Failure   Level  Hunger
 Static Discharge         Conj/Air       ####....     1%          3    None
 Sandblast                Erth           ##....       1%          1    None
 Sting                    Conj/Pois      ####         1%          1    None
 Inner Flame              Hex/Fire       ####....     1%          3    None
 Bolt of Fire             Conj/Fire      ######....   1%          6    ######.
 Confusing Touch          Hex            ##....       2%          1    None
 Pain                     Necr           ##..         2%          1    None
 Summon Small Mammal      Summ           ##..         2%          1    None
 Swiftness                Chrm/Air       ##......     3%          2    None
 Confuse                  Hex            ##......     6%          3    None
 Gell's Gravitas          Tloc           ##........   6%          3    None
 Yara's Violent Unravell  Hex/Tmut       ##........   16%         5    ####...
 Petrify                  Tmut/Erth      ##......     21%         4    #......
 Metabolic Englaciation   Hex/Ice        ##........   50%         5    ####...
 Ring of Flames           Chrm/Fire      ####......   89%         7    #######


Dungeon Overview and Level Annotations

Branches:
Dungeon (11/15)            Temple (1/1) D:4            Lair (1/6) D:9
    Orc (1/2) D:9

Altars:
Ashenzari
Cheibriados
Dithmenos
Elyvilon
Fedhas
Gozag
Hepliaklqana
Kikubaaqudgha
Makhleb
Nemelex Xobeh
Okawaru
Qazlal
Ru
Sif Muna
Trog
Uskayaw
Vehumet
Wu Jian
Xom
Yredelemnul
Zin
The Shining One

Shops:
D:7 ?


Message History

Wield which item (- for none, * to show all)? (? for menu, Esc to quit)
Okay, then.
Found an embroidered scarf.
A seven-headed hydra comes into view.
The seven-headed hydra roars!
There is a staircase back to the Dungeon here.
The seven-headed hydra bites you but does no damage.
The seven-headed hydra completely misses you. x2
The seven-headed hydra bites you! x2; The seven-headed hydra misses you.
The seven-headed hydra completely misses you.
You climb upwards.
Welcome back to the Dungeon!
There is a staircase to the Lair here.
Cast which spell? (? or * to list)
Okay, then.
The seven-headed hydra barely misses you.
The seven-headed hydra completely misses you.
The seven-headed hydra bites you! x2
* * * LOW HITPOINT WARNING * * *
The seven-headed hydra bites you!
You die...

########....#..P........#.# #.#.
..............P...........####<#.
..................>..........#.##
.#####........P..........###.#.#
...........##..P........#)...#.#
...........###.........##....#.#
...........#####.....####....#.#
.....รท####.##..#D#....# #....#.#
##...## #(.....[@.....###....#.#
##...# #......#.###.........#.#
##...####......#...............#
##...#.........#########......<#
....)..........................#
..####.........######..........##
..## #.....##### #............
...# #.....# #..........## ...#
#.....# #..........#


You could see a seven-headed hydra.

Vanquished Creatures
  2 two-headed ogres (D:9)
  A manticore (D:11)
  An elephant (D:9)
  A gargoyle (D:10)
  A troll (D:9)
  A hippogriff (D:9)
  Sigmund (D:6)
  4 yaks (D:10)
  A human (D:8)
  Grum (D:10)
  A hungry ghost (D:9)
  4 wargs (D:9)
  An ice beast (D:8)
  2 orc warriors
  2 sky beasts
  3 black bears
  3 ogres
  4 phantoms
  3 wolves
  5 centaurs
  5 crocodiles
  2 bullfrogs
  A wyvern zombie (D:7)
  3 jellies
  4 scorpions
  9 killer bees
  7 howler monkeys
  2 bullfrog zombies
  8 crimson imps
  A centaur zombie (D:8)
  3 hounds
  A quasit (D:7)
  6 orc priests
  2 bullfrog skeletons
  A centaur skeleton (D:6)
  4 iguanas
  8 orc wizards
  9 worker ants
  10 adders
  7 gnolls
  4 shadow imps
  2 oozes
  4 worms
  2 dart slugs
  8 leopard geckos
  30 orcs
  4 giant cockroaches
  7 goblins
  8 hobgoblins
  12 jackals
  7 kobolds
  2 quokkas
  A ball python (D:4)
  6 bats
  10 frilled lizards
  3 rats
245 creatures vanquished.

Notes
Turn   | Place    | Note
-------+----------+-------------------------------------------
     0 | D:1      | Gynju the Deep Elf Fire Elementalist began the quest for
                  | the Orb.
     0 | D:1      | Reached XP level 1. HP: 10/10 MP: 6/6
   384 | D:1      | Reached XP level 2. HP: 11/15 MP: 4/8
  1315 | D:2      | Reached XP level 3. HP: 19/19 MP: 3/10
  1322 | D:2      | Learned a level 2 spell: Throw Flame
  1326 | D:2      | Learned a level 3 spell: Conjure Flame
  2300 | D:3      | Reached XP level 4. HP: 19/24 MP: 3/11
  2303 | D:3      | Reached skill level 4 in Spellcasting
  2817 | D:3      | Reached XP level 5. HP: 16/28 MP: 4/13
  3908 | D:4      | Noticed a phantom
  3934 | D:4      | Killed a phantom
  3934 | D:4      | Reached skill level 5 in Spellcasting
  3934 | D:4      | Reached XP level 6. HP: 32/32 MP: 0/15
  4164 | D:4      | Found a staircase to the Ecumenical Temple.
  4175 | Temple   | Entered the Ecumenical Temple
  4242 | Temple   | Became a worshipper of Vehumet
  4577 | Temple   | Reached skill level 5 in Fire Magic
  5003 | D:4      | Reached skill level 5 in Dodging
  5003 | D:4      | Reached XP level 7. HP: 36/36 MP: 14/17
  5161 | D:4      | Reached skill level 6 in Spellcasting
  5778 | D:5      | Entered Level 5 of the Dungeon
  6031 | D:5      | Reached skill level 5 in Conjurations
  6101 | D:5      | Reached XP level 8. HP: 41/41 MP: 8/20
  6614 | D:5      | Reached skill level 7 in Spellcasting
  6620 | D:5      | Learned a level 4 spell: Sticky Flame
  6672 | D:5      | Reached * piety under Vehumet
  6672 | D:5      | Offered knowledge of Shock by Vehumet.
  7838 | D:6      | Noticed Sigmund
  8216 | D:6      | Reached skill level 8 in Spellcasting
  8315 | D:6      | Identified Gaicuc's Hermit's Heritage, Part One
  8577 | D:3      | Found a shimmering blue altar of Sif Muna.
  8873 | D:6      | Learned a level 5 spell: Fireball
  8912 | D:6      | Killed Sigmund
  8912 | D:6      | Reached XP level 9. HP: 45/45 MP: 9/23
  9024 | D:7      | Found Ysaid's Magic Scroll Shoppe.
  9330 | D:7      | Learned a level 1 spell: Shock
  9414 | D:7      | Identified the Catalogue of Enhancements and Arcane Weapons
  9767 | D:7      | Offered knowledge of Freeze by Vehumet.
  9883 | D:7      | Reached ** piety under Vehumet
 10306 | D:7      | Found an ornate altar of the Wu Jian Council.
 10422 | D:7      | Got a transparent trident
 10442 | D:7      | Identified the cursed +0 trident "Feung" {freeze, rC++}
                  | (You found it on level 7 of the Dungeon)
 10657 | D:8      | Reached skill level 9 in Spellcasting
 11661 | D:8      | Noticed a deep elf mage
 11701 | D:8      | Noticed a centaur warrior
 11791 | D:8      | Reached XP level 10. HP: 39/50 MP: 19/25
 12116 | D:9      | Reached skill level 10 in Spellcasting
 12177 | D:9      | Found a staircase to the Lair.
 12301 | D:9      | Offered knowledge of Mephitic Cloud by Vehumet.
 12312 | D:9      | Learned a level 3 spell: Mephitic Cloud
 12389 | D:9      | Found a staircase to the Orcish Mines.
 12425 | D:9      | Noticed an elephant
 12446 | D:9      | Killed an elephant
 12863 | D:9      | Noticed a two-headed ogre
 12886 | D:9      | Killed a two-headed ogre
 13244 | D:9      | Reached skill level 10 in Dodging
 13244 | D:9      | Reached skill level 11 in Spellcasting
 13294 | D:10     | Entered Level 10 of the Dungeon
 13318 | Orc:1    | Entered Level 1 of the Orcish Mines
 13318 | Orc:1    | Noticed a two-headed ogre
 13318 | Orc:1    | Noticed an orc sorcerer
 13318 | Orc:1    | Noticed an orc knight
 13375 | D:10     | Reached *** piety under Vehumet
 13606 | D:10     | Noticed a two-headed ogre
 13677 | D:9      | Killed a two-headed ogre
 13913 | D:10     | Reached XP level 11. HP: 54/54 MP: 18/28
 14123 | D:10     | Reached skill level 10 in Fire Magic
 14258 | D:10     | Offered knowledge of Static Discharge by Vehumet.
 14459 | D:10     | Got a steaming trident
 14467 | D:10     | Identified the +5 trident of Susuusm {freeze, rF- rN+
                  | Str+4} (You found it on level 10 of the Dungeon)
 14654 | D:10     | Noticed Grum
 15082 | D:10     | Killed Grum
 15512 | Lair:1   | Entered Level 1 of the Lair of Beasts
 15578 | Lair:1   | Noticed a seven-headed hydra
 15596 | D:9      | Slain by a seven-headed hydra

Levels and vault maps discovered:
D:1:      ncdulo_wetmaze, layout_basic
D:2:      layout_basic, first_ration
D:3:      minmay_evil_eye, layout_rooms, serial_rivers,
          chequers_serial_rivers_small_b, chequers_serial_rivers_micro_e,
          chequers_serial_rivers_large_a, chequers_serial_rivers_room_a,
          chequers_serial_rivers_marsh, chequers_serial_rivers_small_b,
          led_sif_book
D:4:      layout_gridville, minmay_temple_entry_statues_fountains
D:5:      layout_basic, kennysheep_potato
D:6:      layout_rooms, uniq_sigmund
D:7:      layout_loops_ring, marbit_many_paths, serial_shops, shop,
          lemuel_flame_loot_1
D:8:      layout_loops_cross, palyth_stone_intersect, grunt_pizzeria,
          minivault_12
D:9:      layout_basic, david_lair_generic, minmay_orc_entry_guard_dogs,
          nrook_campfire
D:10:     layout_irregular_city, uniq_grum
D:11:     layout_basic, lemuel_another_geyser
Temple:   compressed_dpeg_triangle_lava_temple
Lair:1:   beast_lair_carwin_large_2, layout_cave_pods, special_room
          [special_room_bee]
Orc:1:    layout_caves, special_room [special_room_orc], uniq_erica

Skill      XL: |  1  2  3  4  5  6  7  8  9 10 11 |
---------------+----------------------------------+-----
Dodging        | 3 4 5 7 8 10 | 10.6
Conjurations   | 2 3 4 5 6 8 9 |  9.7
Spellcasting   | 4 5 6 8 9 11 | 11.6
Fire Magic     | 4 5 6 7 8 9 10 | 10.2
Stealth        | |  2.4

Action                   |  1- 3 |  4- 6 |  7- 9 | 10-12 || total
-------------------------+-------+-------+-------+-------++-------
Melee: Dagger            |       |     9 |   238 |       ||   247
       Trident           |       |       |    10 |     8 ||    18
       Staff             |       |       |     4 |       ||     4
Throw: Stone             |     2 |     2 |     8 |     4 ||    16
 Cast: Flame Tongue      |    78 |   104 |   348 |   211 ||   741
       Throw Flame       |       |     6 |     4 |    62 ||    72
       Conjure Flame     |       |     1 |    11 |     9 ||    21
       Fireball          |       |       |     4 |       ||     4
       Shock             |       |       |     5 |     3 ||     8
       Mephitic Cloud    |       |       |       |     2 ||     2
 Abil: Evoke Flight      |       |       |     1 |       ||     1
  Use: Scroll            |       |     8 |    10 |     7 ||    25
  Eat: Chunk             |     3 |     9 |    16 |     9 ||    37
       Ration            |       |       |     2 |     1 ||     3
Armor: Robe              |     6 |     6 |    68 |    16 ||    96
Dodge: Dodged            |    26 |    38 |   299 |   133 ||   496

Table legend:
 A = Non-vault XP
 B = Vault XP
 C = Vault XP percentage of total XP
 D = Non-vault monster count
 E = Vault monster count
 F = Vault count percentage of total count
                 A         B        C        D         E       F
            +---------+---------+-------+---------+---------+-------
      Total |   10546 |    2773 |  20.8 |     222 |      23 |   9.4
            +---------+---------+-------+---------+---------+-------
        D:1 |      39 |       0 |   0.0 |      22 |       0 |   0.0
        D:2 |      48 |       0 |   0.0 |      24 |       0 |   0.0
        D:3 |     211 |      93 |  30.6 |      21 |       7 |  25.0
        D:4 |     799 |       0 |   0.0 |      23 |       0 |   0.0
        D:5 |    1288 |       3 |   0.2 |      30 |       1 |   3.2
        D:6 |     229 |     212 |  48.1 |       8 |       1 |  11.1
        D:7 |     822 |     100 |  10.8 |      18 |       1 |   5.3
        D:8 |    1718 |     200 |  10.4 |      37 |       1 |   2.6
        D:9 |    2833 |    1745 |  38.1 |      15 |       9 |  37.5
       D:10 |    1834 |     420 |  18.6 |      21 |       3 |  12.5
       D:11 |     580 |       0 |   0.0 |       1 |       0 |   0.0
     Temple |      40 |       0 |   0.0 |       1 |       0 |   0.0
     Lair:1 |     105 |       0 |   0.0 |       1 |       0 |   0.0
            +---------+---------+-------+---------+---------+-------
